 Dungeon Crawl Stone Soup version 0.21.2-1-g0862bd23eb (webtiles) character file.

93 Revguard the Slasher (level 4, -1/33 HPs)
             Began as a Demonspawn Gladiator on Apr 30, 2019.
             Slain by a gnoll
             ... wielding a +0 spear
              (4 damage)
             ... on level 3 of the Dungeon.
             The game lasted 00:03:52 (2281 turns).

Revguard the Slasher (Demonspawn Gladiator)         Turns: 2281, Time: 00:03:53

Health: -1/33      AC:  5    Str: 16    XL:     4   Next: 36%
Magic:  0/4        EV: 12    Int: 10    God:
Gold:   138        SH:  0    Dex: 15    Spells: 3/3 levels left

rFire    . . .     SeeInvis .   a - +0 long sword
rCold    . . .     Gourm    .   (no shield)
rNeg     . . .     Faith    .   h - +0 ring mail
rPois    .         Spirit   +   (helmet restricted)
rElec    +         Reflect  .   (no cloak)
rCorr    .         Harm     .   (no gloves)
MR       .....                  (no boots)
Stlth    ++........             (no amulet)
HPRegen  0.11/turn              o - ring of stealth
MPRegen  0.09/turn              (no ring)

@: no status effects
A: claws 2, horns 1, electricity resistance, strong 1, magic shield
a: no special abilities


You were on level 3 of the Dungeon.
You were not hungry.

You visited 1 branch of the dungeon, and saw 3 of its levels.

You collected 138 gold pieces.

Inventory:

Hand Weapons
 a - a +0 long sword (weapon)
Missiles
 d - 3 throwing nets (quivered)
Armour
 b - a +0 leather armour
 c - a +0 helmet
 h - a +0 ring mail (worn)
Jewellery
 o - a ring of stealth (left claw)
Wands
 n - a wand of iceblast (8)
Scrolls
 e - 4 scrolls of identify
 i - 2 scrolls of teleportation {unknown}
 k - a scroll of blinking {unknown}
Potions
 g - a potion of curing
 j - a potion of mutation
 l - a potion of resistance
 m - a potion of flight
Comestibles
 f - 3 rations


   Skills:
 + Level 2.3 Fighting
 + Level 3.7 Long Blades
 - Level 1.7 Throwing
 + Level 1.1 Armour
 + Level 3.4 Dodging
 * Level 0.1 Evocations


You had 3 spell levels left.
You didn't know any spells.

Dungeon Overview and Level Annotations

Branches:
Dungeon (3/15)

Altars:


Innate Abilities, Weirdness & Mutations

You have very sharp fingernails.
When hurt, damage is shared between your health and your magic reserves.
You have a pair of small horns on your head.
You are resistant to electric shocks. (rElec)
Your muscles are strong. (Str +2)


Message History

The gnoll shouts!
You hear a shout!
Put on which piece of jewellery? (? for menu, Esc to quit)
o - a ring of stealth (left claw)
The gnoll hits you with a spear!
You hit the gnoll but do no damage. Your headbutt misses the gnoll.
The gnoll hits you with a spear. The gnoll hits you but does no damage.
You closely miss the gnoll. You headbutt the gnoll!
The gnoll is heavily wounded.
The gnoll hits you from afar with a spear.
The gnoll hits you from afar with a spear!
* * * LOW HITPOINT WARNING * * *
You hit the gnoll.
The gnoll is severely wounded.
The gnoll hits you but does no damage. The gnoll closely misses you. x2
You hit the gnoll.
The gnoll is severely wounded.
The gnoll hits you.
* * * LOW HITPOINT WARNING * * *
The gnoll hits you from afar with a spear.
You die...

## .# .# .# .#
######.## # ..
#..@ggg.#.... #.
#.###g.......
#..##.##.#.#.####
# #............g
#..##.##.#.#.###
#>..........##
####.#†###.######
##.###>.........
#.# ##.#######.


You could see 4 gnolls.

Vanquished Creatures
  An adder (D:3)
  2 worms
  4 dart slugs
  4 leopard geckos
  4 orcs (D:3)
  A ball python (D:1)
  4 giant cockroaches
  9 goblins
  3 hobgoblins
  11 jackals
  A quokka (D:2)
  3 bats
  2 frilled lizards (D:2)
  3 kobolds
  3 rats
55 creatures vanquished.

Notes
Turn   | Place    | Note
-------+----------+-------------------------------------------
     0 | D:1      | Revguard the Demonspawn Gladiator began the quest for the Orb.
     0 | D:1      | Reached XP level 1. HP: 16/16 MP: 1/1
   111 | D:1      | Gained mutation: When hurt, damage is shared between your health and your magic reserves. [demonic ancestry]
   111 | D:1      | Reached XP level 2. HP: 17/22 MP: 2/2
   415 | D:1      | Gained mutation: You have sharp fingernails. [demonic ancestry]
   415 | D:1      | Reached XP level 3. HP: 27/27 MP: 3/3
  1079 | D:2      | Gained mutation: Your muscles are strong. (Str +2) [potion of mutation]
  1079 | D:2      | Gained mutation: You have a pair of small horns on your head. [potion of mutation]
  1079 | D:2      | Gained mutation: You are resistant to electric shocks. (rElec) [potion of mutation]
  1969 | D:3      | Gained mutation: You have very sharp fingernails. [demonic ancestry]
  1969 | D:3      | Reached XP level 4. HP: 30/33 MP: 4/4
  2220 | D:3      | Reached skill level 1 in Armour
  2281 | D:3      | Slain by a gnoll

Skill      XL: |  1  2  3  4 |
---------------+-------------+-----
Dodging        | 3 |  3.4
Long Blades    | 3 |  3.7
Armour         | 1 |  1.1
Fighting       | |  2.3
Throwing       | |  1.7
Evocations     | |  0.1

Action                   |  1- 3 |  4- 6 || total
-------------------------+-------+-------++-------
Melee: Long sword        |   120 |    34 ||   154
       Headbutt          |     2 |     8 ||    10
  Use: Potion            |     3 |       ||     3
       Scroll            |       |     2 ||     2
  Eat: Ration            |     1 |       ||     1
       Chunk             |     1 |       ||     1
Armor: Leather armour    |     4 |       ||     4
       Ring mail         |    47 |    15 ||    62
Dodge: Dodged            |    84 |    26 ||   110
       Rpst.: Long sword |    36 |     9 ||    45
